 Dungeon Crawl Stone Soup version 0.19-a0-291-ga637243 (webtiles) character file.

1 epen the Sneak (level 1, 0/9 HPs)
             Began as a Felid Wanderer on May 27, 2016.
             Slain by a hobgoblin
             ... wielding a +0 club
              (4 damage)
             ... on level 1 of the Dungeon.
             The game lasted 00:00:24 (23 turns).

epen the Sneak (Felid Wanderer)                       Turns: 23, Time: 00:00:25

Health: 0/9        AC:  1    Str:  9    XL:     1   Next: 16%
Magic:  4/4        EV: 16    Int: 13    God:
Gold:   0          SH:  0    Dex: 14    Spells: 1 memorised, 3 levels left
                                        Lives:  0   Deaths: 0

rFire  . . .     SeeInvis +     (weapon unavailable)
rCold  . . .     Gourm    .     (armour unavailable)
rNeg   . . .     Faith    .     (shield unavailable)
rPois  .         Spirit   .     (helmet unavailable)
rElec  .         Dismiss  .     (cloak unavailable)
rCorr  .         Reflect  .     (gloves unavailable)
SustAt .         Harm     .     (boots unavailable)
MR     .....                    (no amulet)
Stlth  ++++......               (no ring)
                                (no ring)

@: quick, not resistant to hostile enchantments, stealthy
A: no armour, no weapons or thrown items, claws 1, fangs 3, see invisible,
carnivore 3, speed 1, shaggy fur 1, slow metabolism 1, sharp paws
a: no special abilities


You were on level 1 of the Dungeon.
You were not hungry.

You visited 1 branch of the dungeon, and saw 1 of its levels.

Inventory:

Books
 a - a book of Minor Magic

   Spells                             Type                      Level
   a - Magic Dart                     Conjuration                  1
   b - Blink                          Translocation                2
   c - Call Imp                       Summoning                    2
   d - Repel Missiles                 Charms/Air                   2
   e - Slow                           Hexes                        2
   f - Conjure Flame                  Conjuration/Fire             3
   g - Mephitic Cloud                 Conjuration/Poison/Air       3
 b - the Guide on the Birds

   Spells                             Type                      Level
   a - Shock                          Conjuration/Air              1
   b - Mephitic Cloud                 Conjuration/Poison/Air       3
Comestibles
 c - a meat ration


   Skills:
 + Level 2.0 Fighting
 * Level 1.3 Dodging
 + Level 5.3 Stealth
 * Level 0.2 Unarmed Combat
 + Level 2.0 Spellcasting
   Level 1.0 Fire Magic
 + Level 0.0 Air Magic


You had 3 spell levels left.
You knew the following spells:

 Your Spells              Type           Power        Failure   Level  Hunger
a - Shock                 Conj/Air       #...         24%         1    ##.....


Dungeon Overview and Level Annotations

Branches:
Dungeon (1/15)

Altars:


Innate Abilities, Weirdness & Mutations

You cannot wear armour.
You are incapable of wielding weapons or throwing items.
You have sharp claws.
You have razor-sharp teeth.
You have supernaturally acute eyesight. (SInv)
You are carnivorous and can eat meat at any time.
You cover ground quickly.
You are covered in fur. (AC +1)
You have a slow metabolism.
Your sharp claws are effective at attacking unaware monsters.


Message History

You scratch the kobold but do no damage.
The kobold barely misses you.
You scratch the kobold but do no damage.
The kobold hits you but does no damage.
You scratch the goblin.
You kill the goblin!
The kobold barely misses you.
You barely miss the kobold. The hobgoblin completely misses you.
The kobold hits you but does no damage.
You scratch the kobold.
The kobold is moderately wounded.
The hobgoblin closely misses you. The kobold barely misses you.
You scratch the kobold but do no damage.
Your bite misses the kobold.
The kobold is moderately wounded.
The hobgoblin hits you with a club. The kobold hits you.
You scratch the kobold but do no damage.
The kobold is moderately wounded.
The hobgoblin hits you with a club.
You die...

. .(...$ .
.....####
#+#.#...#...#
#.#.#.#.#.#.# ###
.[........#.#....
...............
#.#.......#
#.###.#.###+##
#.....#.@K...#
####''####)g...#
#8......8#.......#
#≈......≈#.......#
#≈......≈#.......#
#≈......§#.....#..
#≈..88..≈#...... .
#≈......≈#.....##
#≈......≈#


You could see a hobgoblin and a kobold.

Vanquished Creatures
  A goblin (D:1)
1 creature vanquished.

Notes
Turn   | Place    | Note
--------------------------------------------------------------
     0 | D:1      | epen the Felid Wanderer began the quest for the Orb.
     0 | D:1      | epen set off with: a book of Minor Magic, the Guide on the Birds, a meat ration
     0 | D:1      | Reached XP level 1. HP: 9/9 MP: 4/4
     0 | D:1      | Identified the Guide on the Birds
     2 | D:1      | Learned a level 1 spell: Shock
    23 | D:1      | Slain by a hobgoblin

Vault maps used:
D:1:      lightli_arrival_noodles

Action                   || total
-------------------------++-------
Melee: Unarmed           ||     7
Armor: Skin              ||     2
Dodge: Dodged            ||     5
